Map: [ESL] Babylon

Players

Scarlett

  • Race: Zerg Zerg
  • Spawn Location: 11:00

Astrea - Winner!

  • Race: Protoss Protoss
  • Spawn Location: 5:00

Event: ESL SC2 Masters 2023 Summer (Regionals)

VOD

Have the link to the VOD?

Description

Time

  • Played on: May 20, 2023, 5:04 p.m.
  • Length: 12:39

All games in this series

Show
View Real Time Build Order
Export as new Build Order

Scarlett Zerg 

Build Orders: Hatch First 

Get SALT Encoding   

  12  0:00  Drone  
  13  0:12  Overlord  
  13  0:17  Drone  
  14  0:30  Drone x2  
  16  0:44  Drone  
  17  0:51  Hatchery  
  17  0:55  Drone  
  17  0:58  Drone  
  18  1:09  Extractor  
  17  1:15  Spawning Pool  
  17  1:17  Drone  
  17  1:22  Drone  
  18  1:28  Drone  
  19  1:39  Drone  
  20  1:50  Overlord  
  20  2:02  Queen  
  20  2:03  Queen, Zergling x2  
  20  2:04  Drone  
  26  2:12  Zergling x2  
  26  2:13  Metabolic Boost  
  26  2:15  Drone  
  28  2:24  Drone  
  28  2:26  Drone  
  30  2:36  Hatchery  
  29  2:42  Drone  
  30  2:45  Drone  
  30  2:48  Queen  
  33  2:54  Overlord  
  33  2:57  Drone x2  
  35  3:00  Drone  
  35  3:13  Drone  
  35  3:14  Drone x4  
  35  3:19  Queen  
  40  3:20  Overlord  
  40  3:24  Drone  
  43  3:27  Drone  
  44  3:38  Queen, Spore Crawler  
  44  3:41  Drone  
  46  3:47  Zergling x4  
  46  3:48  Zergling x2  
  47  3:57  Drone x8  
  47  4:01  Drone  
  53  4:10  Queen  
  53  4:12  Spore Crawler  
  53  4:15  Drone x2, Overlord  
  56  4:23  Drone x2  
  58  4:28  Evolution Chamber  
  57  4:32  Drone  
  57  4:33  Overlord  
  57  4:34  Drone x6  
  64  4:38  Drone x2  
  64  4:44  Drone  
  66  4:45  Overlord x2  
  66  4:50  Overlord  
  65  4:55  Hatchery  
  65  4:59  Zerg Melee Weapons Level 1  
  63  5:01  Drone  
  63  5:04  Spore Crawler  
  63  5:05  Drone x2  
  63  5:06  Drone  
  66  5:07  Zergling x6  
  69  5:15  Overlord, Drone x3  
  69  5:17  Drone x4  
  69  5:21  Zergling x2  
  77  5:25  Lair  
  77  5:29  Roach Warren  
  77  5:35  Extractor  
  75  5:36  Extractor  
  75  5:38  Zergling x22  
  84  5:51  Overlord  
  84  5:53  Zergling x12  
  84  5:55  Hatchery  
  89  6:00  Overlord  
  89  6:04  Drone  
  89  6:05  Zergling x8, Hatchery  
  89  6:07  Zergling x2  
  89  6:08  Zergling x2  
  94  6:15  Drone  
  94  6:16  Drone  
  94  6:18  Zergling x12  
  102  6:31  Glial Reconstitution  
  102  6:39  Drone x9  
  111  6:43  Baneling Nest  
  111  6:45  Drone x3, Extractor  
  111  6:46  Drone  
  112  6:47  Extractor  
  112  6:48  Drone x2  
  112  6:53  Drone, Extractor  
  112  6:54  Drone x2  
  114  6:55  Zerg Melee Weapons Level 2  
  114  6:57  Drone x4  
  114  6:59  Spore Crawler  
  117  7:04  Drone x2  
  117  7:06  Overlord x4  
  119  7:11  Drone x2  
  119  7:12  Drone  
  119  7:13  Drone x2  
  120  7:19  Drone x2  
  120  7:20  Drone  
  122  7:27  Roach x7  
  136  7:36  Drone x2, Extractor  
  137  7:37  Drone x3  
  137  7:38  Drone  
  137  7:39  Roach x7  
  137  7:41  Centrifugal Hooks  
  155  7:47  Overlord  
  155  7:48  Overlord x2  
  155  7:50  Overlord x2  
  155  8:10  Zergling x30  
  170  8:24  Ravager x3  
  170  8:25  Ravager x3  
  176  8:28  Zergling x28  
  190  8:34  Zergling x16  
  190  8:35  Baneling x10  
  190  8:36  Baneling x2  
  198  8:54  Baneling x22  
  198  8:55  Zergling x2  
  198  9:02  Baneling x15  
  193  9:06  Zergling x12  
  199  9:11  Zerg Missile Weapons Level 1  
  192  9:18  Baneling x12  
  192  9:23  Zergling x46  
  183  9:29  Zergling x14  
  177  9:33  Ravager x4  
  177  9:37  Zergling x18  
  190  9:41  Baneling x5  
  190  9:44  Zergling x10  
  191  10:01  Zergling x8  
  191  10:02  Zergling x10  
  191  10:06  Zergling x24  
  197  10:09  Zergling x10  
  164  10:14  Zergling x2  
  164  10:15  Zergling x2  
  160  10:23  Drone x5  
  160  10:24  Drone x4  
  160  10:25  Drone  
  162  10:30  Baneling x18  
  162  10:31  Zergling x8  
  166  10:40  Drone x2  
  166  10:41  Infestation Pit  
  166  10:42  Baneling x17  
  165  11:01  Zergling x42  
  177  11:05  Baneling x11  
  173  11:19  Zergling x24  
  173  11:22  Drone x3  
  186  11:34  Zergling x26  
  196  11:46  Roach x4  
  200  12:01  Spore Crawler  
  200  12:04  Hatchery  
  200  12:05  Baneling  
  200  12:06  Baneling x23  
  198  12:13  Zergling x28  
Show
View Real Time Build Order
Export as new Build Order

Astrea Protoss - Winner!

Build Orders: 1 Gate Expand, Oracle Opening, Zealot Archon 

Get SALT Encoding   

  12  0:00  Probe  
  13  0:12  Probe  
  14  0:18  Pylon  
  14  0:24  Probe  
  15  0:36  Probe (Chrono Boost)  
  15  0:39  Gateway  
  16  0:45  Probe (Chrono Boost)  
  17  0:51  Probe  
  17  0:54  Assimilator  
  18  1:03  Probe  
  19  1:15  Probe  
  20  1:26  Nexus  
  20  1:30  Probe  
  21  1:40  Cybernetics Core  
  21  1:45  Assimilator  
  21  1:47  Probe  
  22  1:54  Pylon  
  22  1:59  Probe  
  23  2:10  Probe  
  23  2:13  Adept (Chrono Boost)  
  24  2:18  Probe  
  27  2:23  Stargate  
  27  2:26  Probe  
  27  2:31  Warp Gate  
  27  2:36  Adept  
  30  2:40  Probe (Chrono Boost)  
  30  2:43  Probe (Chrono Boost)  
  32  2:50  Probe (Chrono Boost)  
  34  2:53  Probe (Chrono Boost)  
  34  2:55  Probe (Chrono Boost)  
  35  3:03  Probe, Pylon  
  35  3:04  Oracle (Chrono Boost)  
  36  3:06  Probe  
  40  3:15  Probe  
  40  3:19  Probe  
  42  3:23  Gateway  
  42  3:27  Probe  
  42  3:32  Probe  
  42  3:33  Oracle (Chrono Boost)  
  44  3:39  Probe  
  48  3:45  Nexus  
  48  3:46  Probe  
  49  3:51  Probe  
  50  3:59  Probe  
  50  4:02  Twilight Council  
  49  4:03  Probe  
  49  4:06  Assimilator  
  49  4:07  Pylon  
  50  4:12  Probe  
  50  4:16  Probe  
  52  4:18  Pylon  
  52  4:19  Stalker  
  52  4:23  Gateway  
  52  4:24  Gateway  
  54  4:25  Probe  
  54  4:28  Probe  
  56  4:33  Adept  
  56  4:35  Blink (Chrono Boost)  
  56  4:38  Probe  
  59  4:40  Probe  
  60  4:47  Adept  
  60  4:48  Pylon  
  60  4:50  Probe  
  63  4:54  Probe  
  64  5:01  Probe  
  64  5:02  Probe  
  64  5:06  Probe, Stalker  
  69  5:10  Stalker  
  69  5:12  Pylon  
  69  5:13  Probe  
  72  5:14  Probe  
  72  5:15  Shield Battery  
  72  5:18  Probe  
  74  5:22  Stalker x2  
  74  5:25  Probe  
  74  5:27  Probe  
  80  5:30  Probe  
  81  5:35  Forge  
  81  5:37  Probe  
  81  5:39  Probe  
  81  5:41  Stalker x2  
  83  5:43  Probe  
  84  5:50  Probe  
  84  5:53  Nexus  
  84  5:56  Probe, Pylon  
  86  6:01  Probe  
  87  6:04  Assimilator  
  87  6:05  Probe  
  87  6:09  Assimilator  
  87  6:10  Gateway  
  88  6:11  Gateway  
  88  6:13  Probe  
  88  6:15  Gateway  
  88  6:16  Stalker x3  
  88  6:17  Gateway  
  96  6:18  Probe  
  96  6:20  Protoss Ground Weapons Level 1 (Chrono Boost)  
  96  6:23  Probe  
  96  6:24  Assimilator  
  96  6:25  Probe  
  98  6:27  Charge  
  98  6:30  Templar Archives  
  98  6:31  Probe  
  99  6:35  Probe  
  99  6:36  Pylon  
  100  6:44  Zealot x2  
  100  6:45  Probe (Chrono Boost)  
  105  6:50  Probe (Chrono Boost)  
  105  6:51  Probe (Chrono Boost)  
  105  6:52  Photon Cannon  
  107  6:55  Shield Battery  
  107  6:57  Probe (Chrono Boost)  
  107  7:00  Probe (Chrono Boost), Assimilator  
  107  7:01  Probe (Chrono Boost)  
  110  7:02  Assimilator  
  110  7:03  Probe (Chrono Boost)  
  110  7:05  Probe x2 (Chrono Boost), Photon Cannon  
  110  7:06  Probe (Chrono Boost)  
  110  7:07  High Templar x2  
  118  7:08  Photon Cannon  
  118  7:11  Probe, Archon  
  119  7:15  Probe  
  119  7:17  Probe  
  119  7:18  Probe  
  119  7:20  Psionic Storm  
  119  7:23  Probe  
  119  7:26  Gateway  
  119  7:28  Probe  
  119  7:29  Gateway, Probe  
  122  7:30  Gateway, Probe  
  122  7:32  Robotics Facility  
  122  7:35  Shield Battery  
  122  7:36  Pylon  
  123  7:37  Pylon  
  123  7:38  Gateway  
  123  7:45  Pylon  
  123  7:46  High Templar x3  
  123  7:48  Pylon  
  123  7:50  High Templar  
  131  7:58  Zealot x3  
  131  8:02  Protoss Ground Weapons Level 2 (Chrono Boost)  
  131  8:05  Pylon x2  
  137  8:12  Photon Cannon  
  137  8:13  Photon Cannon  
  137  8:16  Photon Cannon  
  137  8:17  High Templar  
  139  8:22  Observer, Pylon  
  139  8:23  Pylon  
  139  8:24  High Templar x2  
  139  8:25  Zealot x5  
  139  8:26  Pylon  
  153  8:28  Photon Cannon  
  153  8:30  Photon Cannon  
  153  8:31  Pylon  
  154  8:40  Warp Prism  
  156  8:53  Stalker x10  
  176  9:04  Stalker x2  
  180  9:17  Archon  
  180  9:18  Stalker  
  180  9:19  Stalker x8  
  176  9:38  High Templar x3, Pylon  
  176  9:41  Pylon  
  176  9:42  Pylon, Archon  
  182  9:57  Pylon  
  182  10:01  Stalker  
  182  10:06  Stalker x7  
  194  10:12  Protoss Ground Weapons Level 3 (Chrono Boost)  
  194  10:13  Archon  
  174  10:16  High Templar x2  
  174  10:19  Zealot x2  
  182  10:25  Gateway x2, Nexus  
  182  10:26  Warp Prism (Chrono Boost)  
  174  10:31  Zealot x8  
  184  10:36  Photon Cannon  
  184  10:38  Photon Cannon  
  184  10:39  Shield Battery  
  184  10:43  Pylon  
  184  10:52  Zealot x2  
  184  10:53  Zealot x6  
  200  11:00  Zealot x4  
  194  11:08  Warp Prism  
  178  11:26  Fleet Beacon  
  178  11:30  Stargate  
  178  11:31  Photon Cannon  
  178  11:32  Stargate, Photon Cannon  
  178  11:34  Assimilator  
  178  11:35  Zealot x4  
  178  11:38  Assimilator  
  180  11:41  Zealot x3  
  180  11:42  Zealot x2  
  178  11:51  High Templar x4  
  178  11:52  High Templar x4  
  194  11:55  Archon  
  194  11:56  Archon x2  
  194  11:57  Archon  
  194  12:22  Zealot x3  
  199  12:31  Archon x2  
  199  12:32  Zealot x6  
Tags
 
Add a new tag
Caveats
  • Supply blocks, unpowered buildings, or Contaminate may cause inaccurate times.
  • Supply counts are checked every 10 seconds.